 Dungeon Crawl Stone Soup version 0.29.1-1-gd02db6906a (webtiles) character file.

Game seed: 15094081891653070488

72 LustLizard the Slasher (level 4, -4/34 HPs)
             Began as a Demonspawn Gladiator on Oct 20, 2022.
             Slain by Natasha (9 damage)
             ... on level 2 of the Dungeon.
             The game lasted 00:01:36 (1795 turns).

LustLizard the Slasher (Demonspawn Gladiator)       Turns: 1795, Time: 00:01:37

Health: -4/34      AC:  3    Str: 14    XL:     4   Next: 7%
Magic:  4/4        EV: 12    Int:  9    God:
Gold:   90         SH:  0    Dex: 17    Spells: 3/3 levels left

rFire   . . .      SeeInvis .   a - +0 long sword
rCold   . . .      Faith    .   (no shield)
rNeg    . . .      Spirit   .   b - +0 leather armour
rPois   .          Reflect  .   (helmet restricted)
rElec   .          Harm     .   (no cloak)
rCorr   .          Rampage  .   (no gloves)
Will    .....                   (no boots)
Stlth   +.........              (no amulet)
HPRegen 0.11/turn               (no ring)
MPRegen 0.09/turn               (no ring)

@: no status effects
A: antennae 1
a: no special abilities


You were on level 2 of the Dungeon.
You visited 1 branch of the dungeon, and saw 2 of its levels.

You collected 90 gold pieces.

Inventory:

Hand Weapons
 a - a +0 long sword (weapon)
Missiles
 d - 3 throwing nets
 e - a javelin
 i - 15 stones (quivered)
Armour
 b - a +0 leather armour (worn)
 c - a +0 helmet
Scrolls
 g - a scroll of torment {unknown}
 j - a scroll of amnesia {unknown}
 k - a scroll of noise {unknown}
 l - a scroll of butterflies {unknown}
Potions
 f - 2 potions of brilliance {unknown}
 h - a potion of might {unknown}


   Skills:
 + Level 2.5 Fighting
 * Level 3.5 Long Blades
 * Level 2.9 Throwing
 - Level 2.6 Dodging


You had 3 spell levels left.
You didn't know any spells.
Your spell library contained the following spells:

 Spells                   Type           Power      Damage    Failure   Level
 Freeze                   Ice            0%         1d3       45%         1
 Magic Dart               Conj           0%         1d3       45%         1
 Call Imp                 Summ           0%         N/A       61%         2
 Frozen Ramparts          Ice            0%         1d1       83%         3
 Mephitic Cloud           Conj/Pois/Air  0%         N/A       83%         3
 Hailstorm                Conj/Ice       0%         3d3       99%         4


Dungeon Overview and Level Annotations

Branches:
Dungeon (2/15)

Altars:

Annotations:
D:2 Natasha


Innate Abilities, Weirdness & Mutations

You have a pair of small antennae on your head.


Message History

You now have 64 gold pieces (gained 2).
You now have 78 gold pieces (gained 14).
You now have 90 gold pieces (gained 12).
l - a scroll labelled IDWACEDAISH Natasha, Servant of Life and Death comes into view.
Natasha hisses angrily.
A giant cockroach comes into view.
There are monsters nearby!
Natasha drinks a potion.
Natasha flickers and vanishes!
Deactivating autopickup; reactivate with Ctrl-A.
You slash the giant cockroach!
You kill the giant cockroach!
You hit something. Something claws you but does no damage. Something claws you.
You closely miss something. Something claws you!
You hit something but do no damage. Something claws you.
You slash something! Something claws you!
* * * LOW HITPOINT WARNING * * *
You miss something. Something claws you.
* * * LOW HITPOINT WARNING * * *
You slash something!
Reactivating autopickup.
You feel a bit more experienced.
You have reached level 4!
You feel agile.
You start resting.
Natasha, Servant of Life and Death comes into view.
Natasha casts a spell at you. The magic dart hits you. Natasha claws you.
You closely miss Natasha. Natasha casts a spell at you.
You resist with some effort.
You hit Natasha.
Natasha is moderately wounded.
Natasha claws you!
* * * LOW HITPOINT WARNING * * *
You closely miss Natasha.
Natasha is moderately wounded.
Natasha claws you!
You die...

###### #....########
#...........# .
#..h#.#.#.#.# ..
#.#@......#.#
...##...#.#.#.#.#
......†#.......#.#####
.........#.#.#.......#
.....................####
.....................#..#
..........##.......†.....
..........####...........
..........# #......P.♣..


You could see Natasha.

Vanquished Creatures
  Natasha (D:2)
  3 dart slugs
  6 ball pythons (D:1)
  3 endoplasms
  4 giant cockroaches
  A goblin (D:1)
  4 hobgoblins (D:1)
  3 kobolds
  4 quokkas (D:1)
  4 bats
  3 frilled lizards
  3 rats (D:1)
39 creatures vanquished.

Notes
Turn   | Place    | Note
-------+----------+-------------------------------------------
     0 | D:1      | LustLizard the Demonspawn Gladiator began the quest for the
                  | Orb.
     0 | D:1      | Reached XP level 1. HP: 16/16 MP: 1/1
    36 | D:1      | Gained mutation: You have a pair of small antennae on your
                  | head. [demonic ancestry]
    36 | D:1      | Reached XP level 2. HP: 15/22 MP: 2/2
    38 | D:1      | Reached skill level 3 in Long Blades
    43 | D:1      | HP: 1/22 [constriction (1)]
   856 | D:1      | Reached XP level 3. HP: 25/28 MP: 3/3
  1389 | D:1      | Found a faded altar of an unknown god.
  1683 | D:2      | Noticed Natasha
  1694 | D:2      | Killed Natasha
  1695 | D:2      | Reached XP level 4. HP: 4/34 MP: 4/4
  1787 | D:2      | Noticed Natasha
  1795 | D:2      | Slain by Natasha

Illustrated notes

Levels and vault maps discovered:
D:1:      giann_horns, layout_rooms, shapermc_ecumenical_altar_hornbeckon,
          amcnicky_mini_corridor_feature
D:2:      layout_rooms, serial_park_tiny_2, minivault_24, glass_columns_b,
          uniq_natasha

Skill      XL: |  1  2 |
---------------+-------+-----
Throwing       | 2 |  2.9
Long Blades    | 3 |  3.5
Fighting       | |  2.5
Dodging        | |  2.6

Action                   |  1- 3 |  4- 6 || total
-------------------------+-------+-------++-------
Melee: Long sword        |    94 |     3 ||    97
 Stab: Sleeping          |     1 |       ||     1
Armor: Leather armour    |    35 |       ||    35
Dodge: Dodged            |    89 |       ||    89
